Map: 블랙핑크 - 래더

Players

GuMiho - Winner!

  • Race: Terran Terran
  • League: Master
  • Spawn Location: 7:00

aLive

  • Race: Terran Terran
  • League: Grandmaster
  • Spawn Location: 1:00

VOD

Have the link to the VOD?

Description

Time

  • Played on: Dec. 22, 2017, 5:12 a.m.
  • Length: 15:36
Show
View Real Time Build Order
Export as new Build Order

GuMiho Terran - Winner!

Build Orders: 1/1/1, Cyclone Opening, Bio Tank 

Get SALT Encoding   

  12  0:00  SCV  
  13  0:13  SCV  
  14  0:16  Supply Depot  
  14  0:25  SCV  
  14  0:28  Refinery  
  15  0:38  SCV  
  16  0:44  Barracks  
  16  0:50  SCV  
  16  0:56  Refinery  
  17  1:02  SCV  
  18  1:14  SCV  
  19  1:30  Orbital Command  
  19  1:31  Reaper  
  20  1:34  Factory  
  20  1:42  Supply Depot  
  20  1:56  SCV  
  21  2:03  Reaper  
  21  2:08  SCV  
  23  2:17  Cyclone  
  23  2:19  Starport  
  23  2:21  SCV  
  27  2:30  Supply Depot  
  27  2:33  SCV  
  27  2:35  Barracks Tech Lab  
  28  2:45  SCV  
  29  2:57  SCV  
  30  3:01  Raven  
  32  3:08  Command Center  
  32  3:11  SCV  
  33  3:13  Barracks Reactor  
  33  3:18  Supply Depot  
  33  3:22  Factory Tech Lab  
  33  3:24  SCV  
  34  3:36  SCV  
  34  3:40  Siege Tank  
  38  3:49  Marine x2  
  38  3:50  SCV  
  38  3:51  Viking  
  43  3:57  Supply Depot  
  43  4:04  SCV  
  43  4:06  Marine x2  
  46  4:18  Siege Tank  
  46  4:21  SCV, Orbital Command  
  50  4:33  SCV  
  50  4:34  Stimpack  
  50  4:36  Barracks  
  52  4:40  Barracks  
  52  4:45  SCV, Starport Reactor  
  52  4:47  SCV  
  52  4:50  Marine, Refinery  
  54  4:57  SCV  
  54  4:59  SCV  
  56  5:02  Supply Depot  
  56  5:03  Engineering Bay  
  56  5:09  SCV  
  56  5:12  SCV  
  56  5:14  Marine, Siege Tank  
  62  5:21  SCV  
  62  5:24  SCV, Marine x2  
  66  5:30  Starport Reactor  
  66  5:32  Marine  
  66  5:33  SCV  
  66  5:34  Terran Infantry Weapons Level 1  
  68  5:36  SCV, Supply Depot  
  68  5:40  Marine x2  
  68  5:41  Supply Depot  
  71  5:44  Marine x2  
  72  5:50  Marine  
  72  5:52  Siege Tank  
  72  5:56  SCV x2  
  78  5:58  Marine x2, Supply Depot  
  78  6:03  Marine x2  
  82  6:08  SCV x2, Refinery, Medivac  
  86  6:12  Medivac  
  86  6:15  Marine  
  86  6:16  Marine x2  
  91  6:25  Marine x2  
  93  6:31  Supply Depot  
  93  6:32  SCV x2  
  98  6:36  Supply Depot  
  98  6:37  Marine x2, Combat Shields  
  98  6:38  Marine  
  101  6:42  Medivac  
  101  6:45  Medivac  
  102  6:50  Command Center  
  102  6:54  Marine x2  
  102  6:57  Marine x2  
  102  6:58  Supply Depot  
  102  6:59  Marine  
  107  7:03  Siege Tank  
  109  7:12  Marine x2  
  109  7:15  SCV, Marine x2  
  112  7:16  SCV  
  112  7:17  Marine  
  115  7:26  Medivac x2  
  119  7:30  Marine x2  
  119  7:33  Marine x2  
  119  7:35  Marine  
  124  7:47  Marine  
  124  7:48  Marine  
  126  7:52  Marine x2  
  126  7:53  Marine  
  126  7:55  Siege Tank  
  110  8:05  Marine x2  
  110  8:08  Medivac  
  110  8:09  Medivac  
  110  8:10  Marine x2  
  110  8:11  Marine  
  118  8:23  Marine x2  
  114  8:28  Marine x2, Siege Tank  
  114  8:29  Marine  
  94  8:36  Barracks  
  94  8:38  Barracks  
  94  8:39  SCV x2  
  94  8:40  Orbital Command  
  94  8:41  Marine x2  
  83  8:45  Sensor Tower  
  83  8:46  Marine x3  
  88  8:48  Sensor Tower  
  88  8:49  Terran Infantry Armor Level 1  
  88  8:58  SCV, Engineering Bay, Armory  
  88  8:59  SCV, Marine x2  
  92  9:03  Marine x2  
  92  9:05  Siege Tank  
  92  9:07  Marine  
  92  9:08  SCV  
  99  9:10  SCV  
  99  9:11  SCV  
  99  9:15  Viking  
  103  9:18  Viking  
  103  9:23  Marine x2  
  107  9:24  Marine x2  
  107  9:25  SCV x2  
  107  9:28  Barracks Reactor x2  
  107  9:30  SCV  
  112  9:33  Supply Depot  
  112  9:35  Marine  
  112  9:37  SCV  
  114  9:40  Marine x2  
  114  9:41  Siege Tank  
  114  9:42  Marine x2  
  119  9:49  Viking x2  
  123  9:53  Marine  
  123  9:55  Refinery, Supply Depot  
  123  9:56  Supply Depot  
  123  9:57  Supply Depot  
  123  9:58  Terran Infantry Weapons Level 2  
  123  10:02  Marine x3  
  123  10:05  Marine  
  123  10:06  Marine  
  128  10:07  Marine  
  128  10:08  Marine x2  
  128  10:14  Marine  
  131  10:20  Marine x3  
  135  10:23  SCV x2  
  135  10:25  Medivac x2, Supply Depot  
  135  10:27  Marine  
  142  10:29  Marine x2  
  142  10:34  Marine  
  143  10:37  Marine x2  
  143  10:49  Marine  
  143  10:51  Marine x2  
  143  10:52  Marine x4  
  143  10:53  Siege Tank  
  143  10:56  Marine x2  
  137  10:57  Medivac  
  137  11:03  Refinery  
  137  11:06  SCV  
  137  11:07  Marine  
  137  11:09  Marine x2  
  137  11:10  Marine x4  
  145  11:14  Marine x2  
  136  11:24  Marine  
  111  11:27  Marine x3  
  111  11:28  Marine x3  
  111  11:29  Terran Infantry Armor Level 2  
  111  11:32  Marine x2  
  119  11:34  Viking  
  121  11:40  Refinery x2, Viking  
  121  11:42  Marine, Missile Turret  
  121  11:45  Marine x5  
  121  11:46  Marine  
  130  11:50  Marine x2  
  132  12:00  Marine  
  124  12:03  Marine x5  
  124  12:05  Marine  
  124  12:07  Marine x2  
  126  12:09  Siege Tank  
  128  12:18  Marine  
  128  12:19  SCV x2  
  128  12:20  Marine  
  128  12:21  Marine x4  
  135  12:23  Marine  
  135  12:25  Marine x2  
  132  12:35  SCV x2  
  132  12:36  Marine  
  128  12:38  Marine x2  
  128  12:39  Marine x3  
  128  12:41  Marine, Siege Tank  
  128  12:43  Marine x2  
  136  12:53  Marine  
  136  12:56  Marine x3  
  136  12:57  Marine x2  
  142  12:59  Marine  
  142  13:01  Marine x2  
  145  13:11  Marine  
  146  13:13  Siege Tank  
  146  13:14  Marine x4  
  146  13:15  Marine  
  146  13:17  Marine  
  146  13:19  Marine x2  
  157  13:29  Marine  
  157  13:30  Medivac x2  
  157  13:32  Marine x4  
  157  13:33  Marine  
  164  13:34  Marine  
  164  13:36  Marine  
  164  13:37  Marine  
  163  13:47  Marine  
  164  13:49  Marine  
  165  13:57  Supply Depot x2  
  165  13:58  Marine x5  
  165  13:59  Supply Depot  
  170  14:18  Marine x2  
  170  14:19  Marine x2  
  170  14:20  Marine  
  170  14:21  Marine x2  
  170  14:22  Marine x2  
  179  14:27  Siege Tank  
  182  14:32  Medivac  
  182  14:36  Marine x2  
  182  14:37  Marine x2  
  188  14:38  Marine x2  
  165  14:58  Marine x2  
  165  14:59  Marine x2  
  158  15:00  Marine  
  158  15:01  Marine  
  158  15:03  Marine x2  
  158  15:04  Marine  
  150  15:16  Marine x2  
  150  15:17  Marine x2  
Show
View Real Time Build Order
Export as new Build Order

aLive Terran 

Build Orders: Cyclone Opening, Gas First Reaper Expand, Reaper Expand, Bio Tank 

Get SALT Encoding   

  12  0:00  SCV  
  13  0:12  SCV  
  14  0:17  Supply Depot  
  14  0:25  SCV  
  15  0:29  Refinery  
  15  0:39  SCV  
  16  0:44  Barracks  
  16  0:51  SCV  
  17  1:03  SCV  
  18  1:15  SCV  
  19  1:31  Reaper, Orbital Command  
  20  1:48  Command Center  
  20  1:55  Factory  
  20  1:59  SCV  
  21  2:06  Supply Depot  
  21  2:09  Marine  
  21  2:13  SCV  
  23  2:20  Refinery  
  23  2:27  Marine  
  23  2:28  SCV  
  25  2:39  Cyclone  
  25  2:40  SCV  
  29  2:47  Marine  
  30  2:52  SCV  
  30  2:54  Starport  
  31  3:00  Orbital Command  
  31  3:04  SCV  
  31  3:05  Marine  
  33  3:12  Cyclone  
  36  3:16  SCV  
  37  3:21  Supply Depot  
  37  3:24  Marine  
  39  3:27  SCV  
  39  3:28  SCV  
  39  3:31  Medivac  
  42  3:39  Engineering Bay  
  42  3:43  SCV x2  
  42  3:44  Marine  
  42  3:47  Factory Tech Lab  
  45  3:56  Supply Depot  
  45  3:59  SCV x2  
  47  4:05  Viking  
  47  4:06  Marine  
  50  4:11  SCV, Siege Tank  
  54  4:17  SCV  
  54  4:23  SCV  
  55  4:26  Supply Depot  
  55  4:29  SCV  
  56  4:32  Barracks Reactor  
  56  4:35  SCV  
  57  4:42  SCV  
  57  4:43  Command Center  
  58  4:51  SCV  
  59  4:54  SCV  
  60  5:00  Factory Reactor  
  60  5:02  Barracks x2  
  60  5:11  Starport Reactor  
  60  5:12  SCV x2  
  62  5:14  Refinery x2  
  62  5:18  Engineering Bay  
  62  5:21  Marine  
  62  5:22  Engineering Bay, Stimpack  
  62  5:26  SCV x2  
  65  5:38  SCV x2  
  65  5:41  Marine  
  65  5:42  Barracks x2  
  68  5:48  Factory Tech Lab  
  68  5:49  Terran Infantry Weapons Level 1, Terran Infantry Armor Level 1  
  68  5:50  SCV x2  
  68  5:54  Supply Depot x2  
  70  5:57  Orbital Command  
  70  5:59  Marine x5  
  75  6:08  Siege Tank  
  80  6:21  Marine x5  
  80  6:22  Supply Depot  
  83  6:27  Medivac x2  
  83  6:28  Sensor Tower  
  86  6:33  Barracks Reactor x2  
  86  6:36  Supply Depot  
  86  6:40  Marine x3  
  86  6:44  Marine x2  
  86  6:45  Supply Depot  
  91  6:48  Siege Tank  
  94  7:01  Marine x3  
  94  7:02  Marine x2  
  94  7:05  SCV x2  
  94  7:06  Orbital Command  
  102  7:14  Armory  
  98  7:16  Marine x4, Supply Depot  
  98  7:22  Combat Shields  
  102  7:27  Marine  
  102  7:28  Marine x4  
  107  7:31  Siege Tank  
  107  7:34  Marine x2  
  109  7:38  Marine x2  
  110  7:45  Marine  
  110  7:47  Viking  
  110  7:48  Viking  
  103  8:00  Marine x3  
  103  8:01  Marine x5  
  103  8:03  Marine  
  107  8:06  Siege Tank  
  107  8:11  Terran Infantry Armor Level 2, Terran Infantry Weapons Level 2  
  106  8:23  Marine x9  
  82  8:41  SCV, Marine x8  
  72  8:47  Marine  
  78  8:48  Siege Tank  
  78  8:54  SCV x2  
  83  8:55  Orbital Command  
  83  9:06  Marine  
  83  9:07  Marine x8  
  92  9:11  Medivac  
  92  9:12  Medivac  
  96  9:18  SCV x2  
  96  9:22  SCV  
  99  9:29  Siege Tank  
  99  9:30  SCV x2  
  104  9:32  Marine  
  104  9:33  Marine x3  
  104  9:34  SCV, Marine  
  104  9:37  Marine  
  104  9:38  Marine x2  
  112  9:40  Marine  
  114  9:46  Medivac x2  
  114  9:51  Supply Depot  
  114  9:52  SCV  
  119  9:53  Supply Depot  
  119  9:54  SCV x2  
  121  10:02  Siege Tank  
  121  10:06  Marine  
  125  10:12  Marine x7  
  125  10:13  Marine  
  133  10:27  Marine  
  133  10:28  Supply Depot x2  
  134  10:30  Marine x6  
  136  10:41  Marine  
  136  10:42  Marine  
  134  10:45  Marine  
  134  10:48  Marine x5  
  121  10:59  Medivac x2, Siege Tank  
  121  11:04  Marine x4  
  124  11:05  Marine x3  
  124  11:06  Marine  
  131  11:18  Marine, Liberator  
  121  11:21  Marine  
  121  11:22  Marine x3, Liberator  
  121  11:23  Marine x2  
  105  11:27  Marine x2  
  105  11:35  Marine  
  105  11:39  Marine x4  
  113  11:41  Marine  
  113  11:44  Marine  
  113  11:45  Marine x2  
  120  11:53  Marine  
  121  11:57  Marine x3  
  121  12:00  Marine x2  
  118  12:02  Marine x2  
  118  12:03  Marine  
  121  12:11  Marine  
  121  12:14  Armory  
  121  12:15  Marine x3  
  120  12:17  Marine  
  120  12:18  Marine, Siege Tank  
  120  12:19  Marine  
  120  12:20  Marine  
  120  12:21  Marine  
  130  12:29  Marine  
  129  12:33  Marine x3  
  122  12:40  Marine x5  
  122  12:42  Medivac x2  
  126  12:47  Marine  
  126  12:49  SCV x2  
  126  12:50  SCV, Marine, Siege Tank  
  126  12:51  Marine  
  135  12:56  Supply Depot  
  135  13:02  Supply Depot  
  135  13:12  Medivac x2  
  139  13:18  Marine x6  
  144  13:20  Marine  
  144  13:22  Marine  
  144  13:23  Marine  
  147  13:36  Marine x5  
  149  13:42  Marine x4  
  153  13:54  Marine x5  
  158  14:00  Marine x4  
  158  14:01  Medivac x2, Siege Tank  
  169  14:05  Supply Depot  
  169  14:09  Supply Depot  
  169  14:11  Marine  
  169  14:12  Marine x3  
  173  14:26  Marine x5  
  173  14:29  Marine x2  
  173  14:30  Marine x2  
  182  14:33  Sensor Tower  
  181  14:44  Marine x5  
  183  14:47  Marine x3  
  118  14:54  Marine  
  101  15:02  Marine x5  
  101  15:05  Marine x3  
  106  15:12  Marine  
Tags
 
Add a new tag
Caveats
  • Supply blocks, unpowered buildings, or Contaminate may cause inaccurate times.
  • Supply counts are checked every 10 seconds.